AoeStats
← 文風

Coastal Forest

510411647Analyzed
4v4 RM · 18h ago on Sep 30, 2026· 45m 1s· 8 players
Game mode
Random Map
Map size
Large (8 player)
Population
200
Speed
Normal
Resources
Standard
Victory
Conquest
Starting age
Dark Age
Ending age
Imperial Age
RankedLock teamsTeams togetherTeam positionsShared explorationLock speedFull tech treeHidden civsTurbo modeCheats
Victory
Defeat
🇧🇷 Huns · Brazil
1506
+16
🇩🇴 Persians · Dominican Republic
1503
+16
🇩🇪 Spanish · Germany
1492
+17
🇭🇰 Khmer · Hong Kong SAR China
1469
+18
🇵🇪 Persians · Peru
1601
-20
🇦🇷 Khmer · Argentina
1542
-18
🇩🇪 Mongols · Germany
1522
-17
🇬🇷 Bulgarians · Greece
1385
-12
RD | Telematico
5:34 Loom
8:40 Feudal Age
11:27 Fishing Lines
15:21 Double-Bit Axe
19:38 Castle Age
17:36 Fletching
17:45 Gold Mining
18:47 Padded Archer Armor
20:21 Medium Warships
21:17 Gillnets
22:12 Bodkin Arrow
24:45 Bow Saw
26:12 Wheelbarrow
28:19 Hand Cart
31:23 Imperial Age
29:31 Scale Barding Armor
30:58 Ballistics
31:31 Chain Barding Armor
31:21 Forging
32:06 Heavy Warships
33:18 Two-Man Saw
33:34 Plate Barding Armor
34:00 Bloodlines
34:13 Husbandry
33:41 Cavalier
36:49 Town Watch
41:08 Gold Shaft Mining
41:54 Iron Casting
42:28 Savar
46:16 Blast Furnace
KekBert_Perce1992
6:00 Loom
8:44 Feudal Age
10:21 Double-Bit Axe
14:58 Horse Collar
17:40 Scale Barding Armor
20:14 Forging
21:42 Wheelbarrow
26:16 Castle Age
25:53 Bloodlines
26:27 Gold Mining
26:28 Light Cavalry
27:29 Chain Barding Armor
28:56 Iron Casting
31:19 Husbandry
35:21 Heavy Plow
35:33 Bow Saw
43:20 Imperial Age
43:06 Hand Cart
43:21 Cavalier
44:38 Plate Barding Armor
45:09 Blast Furnace
文風
8:41 Feudal Age
8:07 Loom
9:57 Double-Bit Axe
13:01 Horse Collar
18:13 Gold Mining
20:43 Castle Age
20:31 Scale Barding Armor
20:37 Forging
21:31 Bloodlines
21:44 Chain Barding Armor
21:26 Husbandry
22:09 Forging
25:45 Bow Saw
28:30 Gold Shaft Mining
30:05 Wheelbarrow
33:39 Iron Casting
37:10 Imperial Age
36:35 Ballistics
39:22 Heavy Scorpion
41:44 Chemistry
41:23 Siege Engineers
Karzul
5:54 Loom
9:21 Feudal Age
14:32 Fletching
23:52 Castle Age
23:03 Double-Bit Axe
22:59 Horse Collar
23:14 Gold Mining
23:38 Horse Collar
23:54 Crossbowman
24:35 Bodkin Arrow
28:58 Ballistics
32:15 Padded Archer Armor
32:26 Bloodlines
33:04 Husbandry
34:34 Thumb Ring
35:22 Leather Archer Armor
39:58 Wheelbarrow
43:13 Imperial Age
41:10 Hand Cart
41:59 Bow Saw
41:50 Heavy Plow
42:26 Gold Shaft Mining
41:42 Stone Mining
44:25 Parthian Tactics
43:22 Heavy Cavalry Archer
44:08 Bracer
45:49 Chemistry
软脚虾3号
9:04 Feudal Age
7:37 Loom
9:53 Double-Bit Axe
9:51 Horse Collar
14:03 Forging
15:54 Scale Barding Armor
17:21 Bloodlines
22:28 Castle Age
20:44 Gold Mining
20:52 Stone Mining
22:45 Wheelbarrow
22:04 Fletching
23:34 Bow Saw
23:29 Heavy Plow
23:55 Husbandry
24:29 Ballistics
25:08 Bodkin Arrow
25:49 Padded Archer Armor
26:37 Leather Archer Armor
28:34 Hand Cart
29:20 Town Watch
30:26 Thumb Ring
NotResignFast
10:26 Feudal Age
11:46 Double-Bit Axe
14:10 Castle Age
12:32 Loom
15:06 Bow Saw
15:58 Medium Warships
26:02 Imperial Age
25:15 Gold Mining
25:08 Horse Collar
25:59 Heavy Plow
27:36 Heavy Warships
27:46 Heavy Warships
30:11 Wheelbarrow
30:10 Fletching
30:51 Ballistics
30:56 Bodkin Arrow
32:42 Scale Barding Armor
33:02 Hand Cart
33:04 Cavalier
35:37 Crop Rotation
35:23 Stone Mining
36:17 Bracer
37:15 Bloodlines
38:26 Chain Barding Armor
40:29 Plate Barding Armor
41:28 Scale Mail Armor
The_Lifetamer
6:51 Loom
9:23 Feudal Age
9:55 Double-Bit Axe
10:49 Horse Collar
13:20 Wheelbarrow
13:44 Bloodlines
15:56 Town Watch
18:39 Scale Barding Armor
22:42 Castle Age
22:05 Forging
22:19 Gold Mining
22:45 Light Cavalry
23:26 Husbandry
23:47 Chain Barding Armor
24:23 Hand Cart
25:11 Iron Casting
24:07 Pikeman
28:27 Fletching
29:57 Squires
32:04 Scale Mail Armor
32:25 Stone Mining
33:17 Bodkin Arrow
34:31 Heavy Plow
34:44 Bow Saw
35:51 Chain Mail Armor
BigBanana
6:30 Loom
9:17 Feudal Age
9:43 Double-Bit Axe
9:53 Horse Collar
14:12 Scale Barding Armor
17:04 Forging
17:30 Wheelbarrow
18:16 Town Watch
20:08 Bloodlines
24:26 Castle Age
22:32 Gold Mining
25:20 Chain Barding Armor
25:10 Bow Saw
25:01 Heavy Plow
28:02 Gold Shaft Mining
Connection lost

Rejoining the realm…

Still unreachable

The connection could not be restored.

Session expired

The server has moved on; the page needs a fresh start.